 Dungeon Crawl Stone Soup version 0.29.1-13-g9f3cf754e1 (webtiles) character file.

Game seed: 10388629779978733471

70 khekkus the Chopper (level 4, -2/41 HPs)
             Began as a Hill Orc Fighter on Jan 25, 2023.
             Succumbed to a goblin's poison
             ... on level 2 of the Dungeon.
             The game lasted 00:03:58 (1338 turns).

khekkus the Chopper (Hill Orc Fighter)              Turns: 1338, Time: 00:03:59

Health: -2/41      AC: 13    Str: 20    XL:     4   Next: 21%
Magic:  4/4        EV:  5    Int:  8    God:
Gold:   88         SH:  4    Dex: 10    Spells: 3/3 levels left

rFire   . . .      SeeInvis .   a - +0 war axe
rCold   . . .      Faith    .   c - +0 buckler
rNeg    . . .      Spirit   .   n - +0 plate armour
rPois   .          Reflect  .   f - +0 helmet
rElec   .          Harm     .   (no cloak)
rCorr   .          Rampage  .   m - +0 pair of gloves
Will    .....                   (no boots)
Stlth   ..........              (no amulet)
HPRegen 0.13/turn               (no ring)
MPRegen 0.09/turn               (no ring)

@: lethally poisoned (-2 -> -19), attractive, flying
A: no striking features
a: no special abilities


You were on level 2 of the Dungeon.
You visited 1 branch of the dungeon, and saw 2 of its levels.

You collected 88 gold pieces.

Inventory:

Hand Weapons
 a - a +0 war axe (weapon)
Missiles
 l - 25 stones (quivered)
Armour
 b - a +0 scale mail
 c - a +0 buckler (worn)
 f - a +0 helmet (worn)
 m - a +0 pair of gloves (worn)
 n - a +0 plate armour (worn)
Scrolls
 h - 2 scrolls of blinking {unknown}
 i - 3 scrolls of identify {unknown}
 k - a scroll of teleportation {unknown}
Potions
 d - a potion of might
 g - a potion of heal wounds {unknown}
 j - a potion of flight


   Skills:
 + Level 4.4 Fighting
 * Level 4.8 Axes
 + Level 0.5 Throwing
 + Level 3.3 Armour
 - Level 3.2 Shields


You had 3 spell levels left.
You didn't know any spells.
Your spell library contained the following spells:

 Spells                   Type           Power      Damage    Failure   Level
 Magic Dart               Conj           0%         1d3       100%        1
 Searing Ray              Conj           0%         2d4       100%        2
 Fulminant Prism          Conj/Hex       0%         3d6       100%        4
 Hailstorm                Conj/Ice       0%         3d3       100%        4


Dungeon Overview and Level Annotations

Branches:
Dungeon (2/15)

Altars:

Shops:
D:1 !


Message History

The gnoll is severely wounded.
You slash the adder! The gnoll hits you with a +0 club.
The adder bites you but does no damage.
You slash the adder!
You kill the adder!
You hit the gnoll but do no damage. The gnoll hits you with a +0 club.
The goblin hits you but does no damage.
You are poisoned.
You block the gnoll's attack.
You barely miss the gnoll.
The gnoll is severely wounded.
You hit the goblin.
You feel sick. The goblin barely misses you. The gnoll hits you with a +0 club!
You hit the gnoll.
The gnoll is almost dead.
You barely miss the goblin.
You feel sick.
The goblin hits you with a +2 dagger of venom.
You are lethally poisoned!
You block the gnoll's attack.
A goblin comes into view.
It is wielding a +0 dagger of protection.
You are too injured to fight recklessly!
The goblin attacks as you move away!
The goblin hits you with a +2 dagger of venom.
* * * LOW HITPOINT WARNING * * *
You feel very sick. The goblin hits you but does no damage.
Unknown command.
* * * LOW HITPOINT WARNING * * *
You feel very sick.
* * * LOW HITPOINT WARNING * * *
You feel very sick.
It was a potion of attraction.
You feel attractive to monsters.
* * * LOW HITPOINT WARNING * * *
You feel sick. The goblin hits you but does no damage.
You are more poisoned.
It was a potion of flight.
You feel very buoyant.
You fly up into the air.
You die...

. #. #. .# #.##
.# #..#.## #
#.g#.. # #!
##.#.# ..#
#..#.##.# #..#
#.gg#.#...
.###.#.#@##.####
.....###........
............#...
.......#.....+
###... #.#####
### #.# ##+###
#.# #....#
#.#####....#
#..).......#


You could see a gnoll and a goblin.

Vanquished Creatures
  An adder (D:2)
  A worm (D:2)
  A dart slug (D:1)
  5 ball pythons (D:1)
  4 bats
  6 endoplasms
  2 giant cockroaches (D:1)
  7 goblins
  6 hobgoblins
  5 kobolds
  3 quokkas
  2 frilled lizards
  4 rats (D:1)
47 creatures vanquished.

Notes
Turn   | Place    | Note
-------+----------+-------------------------------------------
     0 | D:1      | khekkus the Hill Orc Fighter began the quest for the Orb.
     0 | D:1      | Reached XP level 1. HP: 19/19 MP: 1/1
    12 | D:1      | Found Uluorips's Distillery.
    33 | D:1      | Reached XP level 2. HP: 21/27 MP: 2/2
   188 | D:1      | Reached XP level 3. HP: 32/33 MP: 3/3
   742 | D:2      | Got the Book of Forceful Interference
  1209 | D:2      | Reached XP level 4. HP: 34/41 MP: 4/4
  1337 | D:2      | HP: 2/41 [poisoned by a goblin]
  1338 | D:2      | Succumbed to a goblin's poison

Illustrated notes

Levels and vault maps discovered:
D:1:      giann_forest_graveyard, layout_basic, serial_shops, shop,
          bh_walls_and_bars
D:2:      layout_basic, minmay_pentomino_pile

Skill      XL: |  1  2 |
---------------+-------+-----
Axes           | 3 4 |  4.8
Fighting       | 4 |  4.4
Throwing       | |  0.5
Armour         | |  3.3
Shields        | |  3.2

Action                   |  1- 3 |  4- 6 || total
-------------------------+-------+-------++-------
Melee: War axe           |   106 |     8 ||   114
  Use: Potion            |       |     2 ||     2
Armor: Scale mail        |    64 |       ||    64
       Plate armour      |       |     8 ||     8
Dodge: Dodged            |    56 |     2 ||    58
Block: Buckler           |    33 |     3 ||    36
